 Dungeon Crawl Stone Soup version 0.27.1-34-g3ba077fa99 (webtiles) character file.

Game seed: 6829937944520505484

746 mcbry74 the Spear-Bearer (level 7, -11/50 HPs)
             Began as a Merfolk Gladiator on Jan 28, 2022.
             Was a Priest of Fedhas.
             Mangled by Menkaure (20 damage)
             ... on level 5 of the Dungeon.
             The game lasted 00:14:07 (4259 turns).

mcbry74 the Spear-Bearer (Merfolk Gladiator)        Turns: 4259, Time: 00:14:08

Health: -11/50     AC:  4    Str: 14    XL:     7   Next: 77%
Magic:  4/7        EV: 11    Int: 12    God:    Fedhas [***...]
Gold:   308        SH: 10    Dex: 17    Spells: 6/6 levels left

rFire    . . .     SeeInvis .   u - +2 trident (venom)
rCold    . . .     Faith    .   p - +0 kite shield
rNeg     . . .     Spirit   .   b - +0 leather armour
rPois    .         Reflect  .   c - +0 helmet
rElec    .         Harm     .   (no cloak)
rCorr    .         Rampage  .   (no gloves)
Will     +....                  (no boots)
Stlth    +.........             (no amulet)
HPRegen  0.16/turn              s - +4 ring of slaying
MPRegen  0.10/turn              t - ring "Luymups" {Wiz Contam Will+ Int+2 Dex+2}

@: no status effects
A: (nimble swimmer 2), mertail
a: Renounce Religion, Wall of Briars, Grow Ballistomycete


You were on level 5 of the Dungeon.
You worshipped Fedhas.
Fedhas was most pleased with you.
You visited 1 branch of the dungeon, and saw 5 of its levels.

You collected 308 gold pieces.

Inventory:

Hand Weapons
 a - a +0 trident
 g - a +0 hunting sling
 u - a +2 trident of venom (weapon)
Missiles
 d - 3 throwing nets
 e - 128 stones (quivered)
 r - 11 boomerangs
 w - 20 sling bullets
Armour
 b - a +0 leather armour (worn)
 c - a +0 helmet (worn)
 p - a +0 kite shield (worn)
Jewellery
 s - a +4 ring of slaying (left hand)
 t - the ring "Luymups" (right hand) {Wiz Contam Will+ Int+2 Dex+2}
   (You found it on level 4 of the Dungeon)

   [ring of wizardry]

   It improves your spell success rate.
   Int:       It affects your intelligence (+2).
   Dex:       It affects your dexterity (+2).
   Contam:    It causes magical contamination when unequipped.
   Will:      It increases your willpower.
Wands
 q - a wand of acid (6)
Scrolls
 h - 2 scrolls of teleportation {unknown}
 i - a scroll of blinking {unknown}
 l - 3 scrolls of summoning
 m - 3 scrolls of identify {unknown}
 n - 4 scrolls of fog {unknown}
 v - a scroll of enchant armour {unknown}
 x - a scroll of immolation {unknown}
Potions
 f - 2 potions of brilliance {unknown}
 j - a potion of degeneration {unknown}
 k - 2 potions of might {unknown}
 o - a potion of lignification {unknown}


   Skills:
 - Level 2.1 Fighting
 + Level 10.2 Polearms
 - Level 2.0 Throwing
 - Level 4.0 Dodging
 + Level 4.9 Shields


You had 6 spell levels left.
You didn't know any spells.
Your spell library was empty.

Dungeon Overview and Level Annotations

Branches:
Dungeon (5/15)
 Temple: D:4-7

Altars:
Fedhas

Annotations:
D:5 Menkaure


Innate Abilities, Weirdness & Mutations

((You are quick and stealthy near water. (Stealth+, EV+, Speed+++)))
Your lower body shifts to a powerful aquatic tail in water.


Message History

There is an open door here.
Found a stone staircase leading up.
There is a stone staircase leading up here.
Done exploring.
Done exploring.
There is a stone staircase leading down here.
You climb downwards.
There is a stone staircase leading up here.
Menkaure, Prince of Dust comes into view.
Menkaure shouts!
Press: ? - help, Dir - move target A ballistomycete grows from the ground.
Menkaure shrieks, "Why can't you leave me to my rest?"
Menkaure gestures wildly while chanting.
Menkaure seems to speed up.
A ballistomycete spore comes into view.
There is a stone staircase leading up here.
Menkaure calls on the powers of darkness!
Your body is wracked with pain!
Menkaure calls on the powers of darkness!
Your body is wracked with pain!
* * * LOW HITPOINT WARNING * * *
Your ballistomycete spore explodes!
The explosion of spores engulfs Menkaure!
Menkaure is heavily damaged.
A ballistomycete spore comes into view.
Your ballistomycete spore explodes!
Fedhas protects your plant from harm.
The explosion of spores engulfs Menkaure!
Menkaure is almost destroyed.
Menkaure hits your ballistomycete! Menkaure hits your ballistomycete!!
Your ballistomycete is destroyed!
Your ballistomycete disappears in a puff of smoke!
Menkaure calls on the powers of darkness!
Your body is wracked with pain!
* * * LOW HITPOINT WARNING * * *
Menkaure hits you!!
You die...
Fedhas appreciates your contribution to the ecosystem.

...........
...........
........
......#
#....#
#....#
#....#
#....#
#..@.#
#..M.#
#....#
#........#
#........#
#........#
#........#
#........#
#........#


You could see Menkaure (fast).

Vanquished Creatures
  Grinder (D:3)
  The ghost of Koffer the Magician, an amateur DjFE (D:3)
  A black bear (D:3)
  A phantom (D:4)
  A bullfrog (D:3)
  A scorpion zombie (D:3)
  An orc wizard (D:4)
  6 adders
  3 worms
  A dart slug (D:3)
  7 orcs
  9 bats
  7 endoplasms
  6 giant cockroaches
  4 goblins
  7 hobgoblins
  2 quokkas
  8 ball pythons
  8 frilled lizards
  6 kobolds
  4 rats (D:2)
85 creatures vanquished.

Vanquished Creatures (collateral kills)
  2 ballistomycete spores (D:5)
2 creatures vanquished.

Vanquished Creatures (others)
  28 plants (D:3)
  4 toadstools (D:1)
32 creatures vanquished.

Grand Total: 119 creatures vanquished

Notes
Turn   | Place    | Note
-------+----------+-------------------------------------------
     0 | D:1      | mcbry74 the Merfolk Gladiator began the quest for the Orb.
     0 | D:1      | Reached XP level 1. HP: 16/16 MP: 1/1
   147 | D:1      | Reached skill level 5 in Polearms
   161 | D:1      | Reached XP level 2. HP: 17/22 MP: 2/2
   478 | D:1      | Found a faded altar of an unknown god.
   859 | D:1      | Became a worshipper of Fedhas Madash
   859 | D:1      | Reached * piety under Fedhas
   923 | D:2      | Reached skill level 6 in Polearms
   923 | D:2      | Reached XP level 3. HP: 26/27 MP: 3/3
  1232 | D:2      | Reached ** piety under Fedhas
  1494 | D:2      | Reached XP level 4. HP: 28/33 MP: 4/4
  1497 | D:2      | Reached skill level 7 in Polearms
  1677 | D:3      | You fall into a shaft and drop 1 floor!
  2164 | D:4      | Reached skill level 1 in Shields
  2251 | D:4      | Noticed a phantom
  2262 | D:4      | Killed a phantom
  2263 | D:4      | Reached skill level 8 in Polearms
  2263 | D:4      | Reached XP level 5. HP: 11/38 MP: 5/5
  2662 | D:4      | Reached XP level 6. HP: 44/44 MP: 6/6
  2664 | D:4      | Identified the ring "Luymups" {Wiz Contam Will+ Int+2
                  | Dex+2}
  2702 | D:4      | Noticed Grinder
  2702 | D:4      | Noticed a black bear
  2768 | D:3      | Killed a black bear
  3016 | D:3      | Found a runed translucent door.
  3018 | D:3      | Noticed Koffer's ghost (amateur DjFE)
  3027 | D:3      | Reached skill level 9 in Polearms
  3036 | D:3      | Killed Koffer's ghost
  3037 | D:3      | Reached XP level 7. HP: 9/50 MP: 7/7
  3344 | D:3      | Reached *** piety under Fedhas
  3800 | D:4      | Paralysed by Grinder for 4 turns
  3812 | D:3      | Killed Grinder
  3813 | D:3      | Reached skill level 10 in Polearms
  4245 | D:5      | Entered Level 5 of the Dungeon
  4247 | D:5      | Noticed Menkaure
  4259 | D:5      | Mangled by Menkaure

Illustrated notes

Levels and vault maps discovered:
D:1:      dpeg_arrival_solitude, layout_basic, basic_ecumenical_altar,
          minmay_gold_behind_fungi
D:2:      layout_rooms, minmay_cupped
D:3:      layout_loops_ring, ebering_ghost_sewer_d, minivault_25,
          serial_bayou_pond_c, minmay_misc_feat_rows
D:4:      layout_gridville, uniq_grinder
D:5:      layout_gridville, jmf_multi_god_temple, uniq_menkaure

Skill      XL: |  1  2  3  4  5  6  7 |
---------------+----------------------+-----
Polearms       | 5 6 8 9 10 | 10.2
Shields        | 2 4 |  4.9
Fighting       | |  2.1
Throwing       | |  2.0
Dodging        | |  4.0

Action                   |  1- 3 |  4- 6 |  7- 9 || total
-------------------------+-------+-------+-------++-------
Melee: Trident           |   136 |   127 |    25 ||   288
Throw: Stone             |     7 |       |       ||     7
Invok: Wall of Briars    |       |     1 |       ||     1
       Grow Ballistomyce |       |       |     1 ||     1
 Stab: Sleeping          |     1 |       |     1 ||     2
Armor: Leather armour    |    28 |    27 |     3 ||    58
Dodge: Dodged            |    71 |    41 |     8 ||   120
Block: Kite shield       |       |    23 |     2 ||    25
